 Dungeon Crawl Stone Soup version 0.30-b1-2-g02819fbbbe (webtiles) character file.

Game seed: 15936810889205352458

135 snakesoul the Digger (level 5, -2/31 HPs)
             Began as an Octopode Earth Elementalist on June 11, 2023.
             Slain by an orc
             ... wielding a +2 flail of protection
              (9 damage)
             ... on level 3 of the Dungeon.
             The game lasted 00:03:59 (1642 turns).

snakesoul the Digger (Octopode Earth Elementalist)  Turns: 1642, Time: 00:04:01

Health: -2/31      AC:  1    Str:  7    XL:     5   Next: 18%
Magic:  0/9        EV: 10    Int: 19    God:
Gold:   150        SH:  9    Dex: 13    Spells: 6/10 levels left

rFire   . . .        b - +0 whip
rCold   . . .        n - +2 kite shield
rNeg    . . .        (helmet restricted)
rPois   .            (no amulet)
rElec   .            (no ring)
rCorr   .            (no ring)
SInv    .            (no ring)
Will    .....        (no ring)
Stlth   +++          (no ring)
HPRegen 0.25/turn    (no ring)
MPRegen 0.11/turn    (no ring)
                     (no ring)

%: no passive effects
@: very slightly contaminated
A: almost no armour, amphibious, 8 rings, camouflage 1, gelatinous body 1,
(nimble swimmer 1), tentacles
a: no special abilities


You were on level 3 of the Dungeon.
You visited 1 branch of the dungeon, and saw 3 of its levels.

You collected 150 gold pieces.

Inventory:

Hand Weapons
 b - a +0 whip (weapon)
Armour
 n - a +2 kite shield (worn)
Jewellery
 f - a ring of flight
 k - a +5 ring of evasion
Scrolls
 c - a scroll of enchant weapon {unknown}
 e - a scroll of noise {unknown}
 g - a scroll of amnesia {unknown}
 i - a scroll of fog {unknown}
 m - 2 scrolls of teleportation {unknown}
 o - a scroll of vulnerability {unknown}
Potions
 a - a potion of curing {unknown}
 d - a potion of degeneration {unknown}
 h - a potion of lignification {unknown}
 j - a potion of might {unknown}
 l - a potion of attraction {unknown}


   Skills:
 - Level 2.0 Dodging
 - Level 2.6 Stealth
 + Level 3.2 Spellcasting
 + Level 2.8 Transmutations
 + Level 4.0 Earth Magic


You had 6 spell levels left.
You knew the following spells:

 Your Spells              Type           Power      Damage    Failure   Level
a - Sandblast             Erth           36%        2d10      24%         1
b - Stone Arrow           Conj/Erth      20%        3d8       86%         3

Your spell library contained the following spells:

 Spells                   Type           Power      Damage    Failure   Level
 Passwall                 Tmut/Erth      13%        N/A       43%         2
 Sting                    Tmut/Pois      32%        1d4       58%         1
 Poisonous Vapours        Pois/Air       6%         N/A       89%         2
 Petrify                  Tmut/Erth      16%        N/A       97%         4
 Summon Guardian Golem    Hex/Summ       3%         N/A       98%         3
 Olgreb's Toxic Radiance  Pois           3%         N/A       100%        4
 Orb of Destruction       Conj           1%         9d5       100%        7
 Spellforged Servitor     Conj/Summ      1%         N/A       100%        7


Dungeon Overview and Level Annotations

Branches:
Dungeon (3/15)

Altars:


Innate Abilities, Weirdness & Mutations

You cannot wear most types of armour.
You are amphibious.
You can wear up to eight rings at the same time.
Your skin changes colour to match your surroundings (Stealth+).
Your rubbery body absorbs attacks. (AC +1, EV +1)
((You are camouflaged when in or above water. (Stealth+)))
You have tentacles for arms and can constrict up to eight enemies at once.


Message History

You miscast Sandblast.
Nothing appears to happen.
You block the orc's attack.
You miscast Sandblast.
Nothing appears to happen.
You block the orc's attack.
The blast of sand hits the orc but does no damage.
The orc is moderately wounded.
The orc hits you with a +2 flail of protection.
You block the orc's attack.
You miscast Sandblast.
Nothing appears to happen.
You block the orc's attack.
The blast of sand misses the orc.
You block the orc's attack.
You are out of magic!
You are out of magic!
You are out of magic!
The orc attacks as you move away!
The orc hits you with a +2 flail of protection.
Casting: Sandblast (safe; 24% risk of failure)
Confirm with . or Enter, or press ? or * to list all spells.
Okay, then.
Okay, then.
You hit the orc. Your grab misses the orc. Your squeeze misses the orc.
The orc is almost dead.
You block the orc's attack.
You barely miss the orc. You grab the orc.
The orc is almost dead.
You constrict the orc, but do no damage.
The orc hits you with a +2 flail of protection!
* * * LOW HITPOINT WARNING * * *
The orc barely misses you.
Casting: Sandblast (safe; 24% risk of failure)
Confirm with . or Enter, or press ? or * to list all spells.
You don't know that spell.
Unknown command.
You are too injured to fight recklessly!
Casting: Sandblast (safe; 24% risk of failure)
Confirm with . or Enter, or press ? or * to list all spells.
Aiming: Sandblast (safe; 24% risk of failure)
Press: ? - help, Shift-Dir - straight line, f/p - orc
Aim: an orc, wielding a +2 flail of protection and wearing a +0 leather armour (almost dead, constricted by you, 100% to hit)
You miscast Sandblast.
Nothing appears to happen.
You constrict the orc, but do no damage.
The orc hits you with a +2 flail of protection!
You die...

.........[....#
.#.#.#.#.#.#.#
..#######.###
## #.# ..
#####.# # #.
#.....# #.##.
#.#####
#....#######.#
#......o@..#
##.#########
... #.### #


You could see an orc.

Vanquished Creatures
  Natasha (thrice) (D:2)
  2 adders (D:2)
  A worm (D:2)
  A bat (D:1)
  An endoplasm (D:3)
  2 giant cockroaches
  6 goblins
  5 hobgoblins
  5 jackals (D:1)
  3 kobolds (D:1)
  2 quokkas
  4 frilled lizards (D:1)
  3 rats (D:1)
38 creatures vanquished.

Notes
Turn   | Place    | Note
-------+----------+-------------------------------------------
     0 | D:1      | snakesoul the Octopode Earth Elementalist began the quest
                  | for the Orb.
     0 | D:1      | Reached XP level 1. HP: 11/11 MP: 3/3
    35 | D:1      | Found a faded altar of an unknown god.
    92 | D:1      | Reached XP level 2. HP: 6/17 MP: 0/5
   615 | D:1      | Reached XP level 3. HP: 21/21 MP: 4/6
   765 | D:1      | Learned a level 3 spell: Stone Arrow
  1091 | D:2      | Noticed Natasha
  1124 | D:2      | Killed Natasha
  1125 | D:2      | Reached XP level 4. HP: 15/27 MP: 3/8
  1183 | D:2      | Noticed Natasha
  1188 | D:2      | Killed Natasha
  1294 | D:2      | Noticed Natasha
  1303 | D:2      | Killed Natasha
  1304 | D:2      | Reached skill level 4 in Earth Magic
  1304 | D:2      | Reached XP level 5. HP: 10/31 MP: 2/9
  1642 | D:3      | Slain by an orc

Illustrated notes

Levels and vault maps discovered:
D:1:      erik_arrival_orb_chamber, layout_loops_cross,
          ebering_ecumenical_altar_sacrificial, minmay_unequal
D:2:      layout_rooms, uniq_natasha
D:3:      kennysheep_the_goblin_king, layout_loops_cross, skrybe_limestone_x,
          st_stairs_11

Skill      XL: |  1  2  3  4 |
---------------+-------------+-----
Transmutations | 2 |  2.8
Spellcasting   | 3 |  3.2
Earth Magic    | 4 |  4.0
Dodging        | |  2.0
Stealth        | |  2.6

Action                     |  1- 3 |  4- 6 || total
---------------------------+-------+-------++-------
  Melee: Unarmed           |     7 |       ||     7
         Tentacles         |     3 |       ||     3
         Constrict         |     2 |     1 ||     3
         Whip              |       |     2 ||     2
   Cast: Sandblast         |    45 |    18 ||    63
    Use: Potion            |     1 |       ||     1
 Armour: Skin              |     1 |       ||     1
  Dodge: Dodged            |    13 |     6 ||    19
  Block: Kite shield       |       |    12 ||    12
